TOP OF THE 1ST |
Milwaukee (NYP) Brewers batting - Pitching for State College Spikes : LHP Juan Ramirez
|
Pitching: LHP Juan Ramirez
|
|
Batting: RHB Chris Maul
|
0-0: Ground out U3 (Groundball, 3, EV 84.4 MPH)
|
Batting: LHB Tyler Francis
|
0-0: Ball 1-0: Ball 2-0: Foul Ball, location: 2F 2-1: Swinging Strike 2-2: Ball 3-2: Foul Ball, location: 2F 3-2: Foul Ball, location: 2F 3-2: Strikes out swinging
|
Batting: RHB Ryan Miller
|
0-0: Swinging Strike 0-1: TRIPLE (Line Drive, 78XD, EV 100.6 MPH)
|
Batting: RHB Victor Alarcon
|
0-0: Ground out 6-3 (Groundball, 6M, EV 80.0 MPH)
|
Top of the 1st over - 0 runs, 1 hit, 0 errors, 1 left on base; Milwaukee (NYP) 0 - State College 0 |
BOTTOM OF THE 1ST |
State College Spikes batting - Pitching for Milwaukee (NYP) Brewers : RHP Danny Newbegin
|
Pitching: RHP Danny Newbegin
|
|
Batting: RHB Ben Politi
|
0-0: SINGLE (Flyball, 9S, EV 86.2 MPH)
|
Batting: RHB Pat Scaturro
|
0-0: Called Strike 0-1: Ball 1-1: Ball 2-1: Fly out, F8 (Flyball, 8RM, EV 89.4 MPH)
|
Batting: LHB Ken Morehead
|
0-0: Called Strike Ben Politi steals 2nd base 0-1: Foul Ball, location: 2F 0-2: DOUBLE (Groundball, 3L, EV 105.6 MPH) Ben Politi scores
|
Batting: LHB Ignacio Ocampo
|
0-0: Ball 1-0: Foul Ball, location: 2F 1-1: Foul Ball, location: 2F 1-2: Foul Ball, location: 2F 1-2: Foul Ball, location: 2F 1-2: Strikes out swinging
|
Batting: SHB Justin Houser
|
0-0: Ball 1-0: Called Strike 1-1: Swinging Strike 1-2: Strikes out swinging
|
Bottom of the 1st over - 1 run, 2 hits, 0 errors, 1 left on base; Milwaukee (NYP) 0 - State College 1 |
TOP OF THE 2ND |
Milwaukee (NYP) Brewers batting - Pitching for State College Spikes : LHP Juan Ramirez
|
Batting: SHB Aaron Neill
|
0-0: Ball 1-0: Ball 2-0: Foul Ball, location: 2F 2-1: Called Strike 2-2: Ground out 6-3 (Groundball, 6, EV 103.8 MPH)
|
Batting: RHB Jose Cerritos
|
0-0: Ball 1-0: Ball 2-0: Swinging Strike 2-1: Ball 3-1: Swinging Strike 3-2: Strikes out swinging
|
Batting: SHB Ramon Perez
|
0-0: Ball 1-0: Foul Ball, location: 2F 1-1: Called Strike 1-2: Ball 2-2: Ball 3-2: Strikes out looking
|
Top of the 2nd over - 0 runs, 0 hits, 0 errors, 0 left on base; Milwaukee (NYP) 0 - State College 1 |
BOTTOM OF THE 2ND |
State College Spikes batting - Pitching for Milwaukee (NYP) Brewers : RHP Danny Newbegin
|
Batting: LHB Keith Rice
|
0-0: Called Strike 0-1: Ball 1-1: SINGLE (Groundball, 3D, EV 97.5 MPH)
|
Batting: RHB Kyle Burns
|
0-0: Ball 1-0: Foul Ball, location: 2F 1-1: Fly out, F9 (Flyball, 89M, EV 90.0 MPH)
|
Batting: LHB Billy Lang
|
0-0: Called Strike 0-1: Ball 1-1: Ball 2-1: Swinging Strike 2-2: Strikes out swinging
|
Batting: RHB Bobby Miles
|
0-0: Ball 1-0: Called Strike 1-1: SINGLE (Line Drive, 8LS, EV 106.9 MPH) Keith Rice to second
|
Batting: RHB Ben Politi
|
0-0: Ball 1-0: Fly out, F7 (Line Drive, 78M, EV 110.0 MPH)
|
Bottom of the 2nd over - 0 runs, 2 hits, 0 errors, 2 left on base; Milwaukee (NYP) 0 - State College 1 |
TOP OF THE 3RD |
Milwaukee (NYP) Brewers batting - Pitching for State College Spikes : LHP Juan Ramirez
|
Batting: RHB Chris Riddel
|
0-0: Ball 1-0: Swinging Strike 1-1: Called Strike 1-2: Ball 2-2: Ball 3-2: Base on Balls
|
Batting: RHB Justin Marino
|
0-0: Foul Ball, location: 2F 0-1: Ball 1-1: Ball 2-1: Called Strike 2-2: Foul Ball, location: 2F 2-2: Strikes out swinging
|
Batting: RHB Chris Maul
|
0-0: Ball 1-0: Ball 2-0: Called Strike 2-1: Foul Ball, location: 2F 2-2: Ball 3-2: Base on Balls Chris Riddel to second
|
Batting: LHB Tyler Francis
|
0-0: Ball 1-0: Called Strike 1-1: Ball 2-1: Ball 3-1: Fly out, F7 (Flyball, 7, EV 80.6 MPH)
|
Batting: RHB Ryan Miller
|
0-0: Ball 1-0: Foul Ball, location: 2F 1-1: Called Strike 1-2: Ball 2-2: Fly out, F9 (Flyball, 9D, EV 103.1 MPH)
|
Top of the 3rd over - 0 runs, 0 hits, 0 errors, 2 left on base; Milwaukee (NYP) 0 - State College 1 |
BOTTOM OF THE 3RD |
State College Spikes batting - Pitching for Milwaukee (NYP) Brewers : RHP Danny Newbegin
|
Batting: RHB Pat Scaturro
|
0-0: Foul Ball, location: 2F 0-1: Ball 1-1: Called Strike 1-2: Ball 2-2: Strikes out swinging
|
Batting: LHB Ken Morehead
|
0-0: Ball 1-0: Ball 2-0: Ball 3-0: Called Strike 3-1: Base on Balls
|
Batting: LHB Ignacio Ocampo
|
0-0: Foul Ball, location: 2F 0-1: SINGLE (Groundball, 34D, EV 107.5 MPH) Ken Morehead to second Runner from 2nd tries for 3rd, SAFE, throw by RF made to third
|
Batting: SHB Justin Houser
|
0-0: Called Strike 0-1: TRIPLE (Flyball, 89XD, EV 100.6 MPH) Ken Morehead scores Ignacio Ocampo scores
|
Batting: LHB Keith Rice
|
0-0: Ball 1-0: Ball 2-0: Foul Ball, location: 2F 2-1: Foul Ball, location: 2F 2-2: Ground out 6-3 (Groundball, 56D, EV 103.1 MPH) Justin Houser scores
|
Batting: RHB Kyle Burns
|
0-0: Ball 1-0: Called Strike 1-1: Foul Ball, location: 2F 1-2: Foul Ball, location: 2F 1-2: Strikes out looking
|
Bottom of the 3rd over - 3 runs, 2 hits, 0 errors, 0 left on base; Milwaukee (NYP) 0 - State College 4 |
TOP OF THE 4TH |
Milwaukee (NYP) Brewers batting - Pitching for State College Spikes : LHP Juan Ramirez
|
Batting: RHB Victor Alarcon
|
0-0: Foul Ball, location: 2F 0-1: Foul Ball, location: 2F 0-2: Foul Ball, location: 2F 0-2: Ball 1-2: Foul Ball, location: 2F 1-2: Ball 2-2: Ball 3-2: Strikes out looking
|
Batting: SHB Aaron Neill
|
0-0: Called Strike 0-1: Ball 1-1: Called Strike 1-2: SINGLE (Groundball, 56D, EV 94.4 MPH)
|
Batting: RHB Jose Cerritos
|
0-0: Ball 1-0: Foul Ball, location: 2F 1-1: Foul Ball, location: 2F 1-2: Strikes out swinging
|
Batting: SHB Ramon Perez
|
0-0: Ball 1-0: Called Strike 1-1: Swinging Strike 1-2: Ball 2-2: Strikes out looking
|
Top of the 4th over - 0 runs, 1 hit, 0 errors, 1 left on base; Milwaukee (NYP) 0 - State College 4 |
BOTTOM OF THE 4TH |
State College Spikes batting - Pitching for Milwaukee (NYP) Brewers : RHP Danny Newbegin
|
Batting: LHB Billy Lang
|
0-0: Called Strike 0-1: Ball 1-1: Ball 2-1: Foul Ball, location: 2F 2-2: Ball 3-2: Foul Ball, location: 2F 3-2: Base on Balls
|
Batting: RHB Bobby Miles
|
0-0: Called Strike Billy Lang steals 2nd, throwing error, E2 Billy Lang to third 0-1: Ball 1-1: Swinging Strike 1-2: Foul Ball, location: 2F 1-2: Ball 2-2: Strikes out swinging
|
Batting: RHB Ben Politi
|
0-0: Called Strike 0-1: Foul Ball, location: 2F 0-2: Ball 1-2: SINGLE (Groundball, 56, EV 98.8 MPH) Billy Lang scores
|
Pitching: LHP Richie van Wijngaarden
|
|
Batting: RHB Pat Scaturro
|
0-0: Ball Ben Politi steals 2nd, throwing error, E2 Ben Politi to third 1-0: Called Strike 1-1: Called Strike 1-2: Strikes out swinging
|
Batting: LHB Ken Morehead
|
0-0: Ball Wild Pitch! Ben Politi scores 1-0: Foul Ball, location: 2F 1-1: Ball 2-1: Foul Ball, location: 2F 2-2: Foul Ball, location: 2F 2-2: Ball 3-2: Ground out 4-3 (Groundball, 4, EV 80.6 MPH)
|
Bottom of the 4th over - 2 runs, 1 hit, 2 errors, 0 left on base; Milwaukee (NYP) 0 - State College 6 |
TOP OF THE 5TH |
Milwaukee (NYP) Brewers batting - Pitching for State College Spikes : LHP Juan Ramirez
|
Batting: RHB Chris Riddel
|
0-0: Swinging Strike 0-1: Swinging Strike 0-2: Foul Ball, location: 2F 0-2: Strikes out swinging
|
Batting: RHB Justin Marino
|
0-0: Called Strike 0-1: Ball 1-1: Swinging Strike 1-2: Strikes out swinging
|
Batting: RHB Chris Maul
|
0-0: Foul Ball, location: 2F 0-1: Called Strike 0-2: Ball 1-2: Ball 2-2: DOUBLE (Groundball, 5L, EV 108.8 MPH)
|
Batting: LHB Tyler Francis
|
0-0: Ball 1-0: Ball 2-0: Ball Passed Ball! Chris Maul to third 3-0: Base on Balls
|
Batting: RHB Ryan Miller
|
0-0: Ball 1-0: Called Strike 1-1: Foul Ball, location: 2F 1-2: Strikes out swinging
|
Top of the 5th over - 0 runs, 1 hit, 0 errors, 2 left on base; Milwaukee (NYP) 0 - State College 6 |
BOTTOM OF THE 5TH |
State College Spikes batting - Pitching for Milwaukee (NYP) Brewers : LHP Richie van Wijngaarden
|
Batting: LHB Ignacio Ocampo
|
0-0: Ball 1-0: Fly out, F7 (Flyball, 7D, EV 100.0 MPH)
|
Batting: SHB Justin Houser
|
0-0: Fly out, F7 (Flyball, 7LM, EV 88.8 MPH)
|
Batting: LHB Keith Rice
|
0-0: Ball 1-0: Ground out 4-3 (Groundball, 34, EV 77.5 MPH)
|
Bottom of the 5th over - 0 runs, 0 hits, 0 errors, 0 left on base; Milwaukee (NYP) 0 - State College 6 |
TOP OF THE 6TH |
Milwaukee (NYP) Brewers batting - Pitching for State College Spikes : LHP Juan Ramirez
|
Batting: RHB Victor Alarcon
|
0-0: Ground out 5-3 (Groundball, 56S, EV 88.1 MPH)
|
Pitching: RHP Jon Davis
|
|
Batting: SHB Aaron Neill
|
0-0: Ball 1-0: Foul Ball, location: 2F 1-1: Foul Ball, location: 2F 1-2: Ball 2-2: Strikes out swinging
|
Batting: RHB Jose Cerritos
|
0-0: Called Strike 0-1: Foul Ball, location: 2F 0-2: Ground out 6-3 (Groundball, 6, EV 101.2 MPH)
|
Top of the 6th over - 0 runs, 0 hits, 0 errors, 0 left on base; Milwaukee (NYP) 0 - State College 6 |
BOTTOM OF THE 6TH |
State College Spikes batting - Pitching for Milwaukee (NYP) Brewers : LHP Richie van Wijngaarden
|
Batting: RHB Kyle Burns
|
0-0: SINGLE (Line Drive, 4D, EV 104.4 MPH)
|
Batting: LHB Billy Lang
|
0-0: Ball 1-0: Foul Ball, location: 2F 1-1: Fly out, F7 (Flyball, 7LS, EV 88.1 MPH)
|
Batting: RHB Bobby Miles
|
0-0: Ball 1-0: Foul Ball, location: 2F 1-1: Swinging Strike 1-2: Ball 2-2: DOUBLE (Groundball, 5L, EV 101.9 MPH) Kyle Burns to third
|
Batting: RHB Ben Politi
|
0-0: Ball 1-0: Foul Ball, location: 2F 1-1: Foul Ball, location: 2F 1-2: Foul Ball, location: 2F 1-2: Ball 2-2: Ground out 4-3 (Groundball, 4, EV 85.0 MPH) Kyle Burns scores Bobby Miles to third
|
Batting: RHB Pat Scaturro
|
0-0: Ground out 5-3 (Groundball, 56S, EV 83.1 MPH)
|
Bottom of the 6th over - 1 run, 2 hits, 0 errors, 1 left on base; Milwaukee (NYP) 0 - State College 7 |
TOP OF THE 7TH |
Milwaukee (NYP) Brewers batting - Pitching for State College Spikes : RHP Jon Davis
|
Batting: SHB Ramon Perez
|
0-0: Swinging Strike 0-1: Called Strike 0-2: DOUBLE (Flyball, 89XD, EV 110.6 MPH)
|
Batting: RHB Chris Riddel
|
0-0: Foul Ball, location: 2F 0-1: Swinging Strike 0-2: Ball 1-2: Strikes out looking
|
Pinch Hitting: LHB John Fortin
|
0-0: Ball Passed Ball! Ramon Perez to third 1-0: Called Strike 1-1: Called Strike 1-2: Strikes out swinging
|
Batting: RHB Chris Maul
|
0-0: Ball 1-0: 2-RUN HOME RUN (Flyball, 89XD, EV 103.1 MPH), Distance : 396 ft
|
Batting: LHB Tyler Francis
|
0-0: Called Strike 0-1: Foul Ball, location: 2F 0-2: Ball 1-2: Ground out U3 (Groundball, 3, EV 86.2 MPH)
|
Top of the 7th over - 2 runs, 2 hits, 0 errors, 0 left on base; Milwaukee (NYP) 2 - State College 7 |
BOTTOM OF THE 7TH |
State College Spikes batting - Pitching for Milwaukee (NYP) Brewers : LHP Richie van Wijngaarden
|
Now at SS: Jonathan Sarles
|
|
Batting: LHB Ken Morehead
|
0-0: Foul Ball, location: 2F 0-1: Swinging Strike 0-2: Strikes out looking
|
Batting: LHB Ignacio Ocampo
|
0-0: Hit by Pitch
|
Batting: SHB Justin Houser
|
0-0: Ball Ignacio Ocampo is caught stealing 2nd base 2-4 1-0: Called Strike 1-1: DOUBLE (Line Drive, 7LS, EV 100.6 MPH)
|
Batting: LHB Keith Rice
|
0-0: Called Strike 0-1: Fly out, F8 (Flyball, 8LD, EV 103.8 MPH)
|
Bottom of the 7th over - 0 runs, 1 hit, 0 errors, 1 left on base; Milwaukee (NYP) 2 - State College 7 |
TOP OF THE 8TH |
Milwaukee (NYP) Brewers batting - Pitching for State College Spikes : RHP Jon Davis
|
Batting: RHB Ryan Miller
|
0-0: Ball 1-0: Ball 2-0: Ground out 4-3 (Groundball, 4, EV 82.5 MPH)
|
Batting: RHB Victor Alarcon
|
0-0: Called Strike 0-1: Swinging Strike 0-2: Strikes out swinging
|
Batting: SHB Aaron Neill
|
0-0: DOUBLE (Line Drive, 7LM, EV 110.6 MPH)
|
Batting: RHB Jose Cerritos
|
0-0: Fly out, F3 (Popup, 23F, EV 81.9 MPH)
|
Top of the 8th over - 0 runs, 1 hit, 0 errors, 1 left on base; Milwaukee (NYP) 2 - State College 7 |
BOTTOM OF THE 8TH |
State College Spikes batting - Pitching for Milwaukee (NYP) Brewers : LHP Richie van Wijngaarden
|
Batting: RHB Kyle Burns
|
0-0: Ball 1-0: Ball 2-0: Called Strike 2-1: SINGLE (Groundball, 56D, EV 105.0 MPH)
|
Batting: LHB Billy Lang
|
0-0: Ball Wild Pitch! Kyle Burns to second 1-0: Called Strike 1-1: 2-RUN HOME RUN (Flyball, 9D, EV 97.5 MPH), Distance : 371 ft
|
Batting: RHB Bobby Miles
|
0-0: Ball 1-0: Ball 2-0: Fly out, F4 (Popup, 4, EV 69.4 MPH)
|
Pinch Hitting: RHB Mario Mendoza
|
0-0: Ball 1-0: Foul Ball, location: 2F 1-1: DOUBLE (Line Drive, 78XD, EV 108.8 MPH)
|
Pitching: RHP Alberto Cordovi
|
|
Batting: RHB Pat Scaturro
|
0-0: Ball 1-0: Ball 2-0: Foul Ball, location: 2F 2-1: Foul Ball, location: 2F 2-2: Ball 3-2: Base on Balls
|
Batting: LHB Ken Morehead
|
0-0: Swinging Strike 0-1: Ball Wild Pitch! Mario Mendoza to third Pat Scaturro to second 1-1: Ball 2-1: Swinging Strike 2-2: Strikes out looking
|
Batting: LHB Ignacio Ocampo
|
0-0: SINGLE (Groundball, 34D, EV 108.8 MPH) (infield hit) Mario Mendoza scores Pat Scaturro to third
|
Batting: SHB Justin Houser
|
0-0: Called Strike 0-1: Foul Ball, location: 2F 0-2: Ground out U3 (Groundball, 3, EV 106.9 MPH)
|
Bottom of the 8th over - 3 runs, 4 hits, 0 errors, 2 left on base; Milwaukee (NYP) 2 - State College 10 |
TOP OF THE 9TH |
Milwaukee (NYP) Brewers batting - Pitching for State College Spikes : RHP Jon Davis
|
Now in LF: Mario Mendoza
|
|
Now in RF: Bobby Miles
|
|
Batting: SHB Ramon Perez
|
0-0: Ball 1-0: Ball 2-0: Fly out, F5 (Popup, 15S, EV 81.2 MPH)
|
Batting: RHB Chris Riddel
|
0-0: Ball 1-0: Ground out 4-3 (Groundball, 4, EV 85.0 MPH)
|
Batting: RHB Jonathan Sarles
|
0-0: Called Strike 0-1: Ball 1-1: Ball 2-1: Called Strike 2-2: DOUBLE (Line Drive, 7LM, EV 111.9 MPH)
|
Batting: RHB Chris Maul
|
0-0: Swinging Strike 0-1: Swinging Strike 0-2: Ball 1-2: Foul Ball, location: 2F 1-2: TRIPLE (Flyball, 78XD, EV 90.6 MPH) Jonathan Sarles scores
|
Pitching: LHP Paul Fuller
|
|
Batting: LHB Tyler Francis
|
0-0: SINGLE (Flyball, 8LS, EV 87.5 MPH) Chris Maul scores
|
Batting: RHB Ryan Miller
|
0-0: Hit by Pitch Tyler Francis to second
|
Batting: RHB Victor Alarcon
|
0-0: Called Strike 0-1: Ball 1-1: Ball 2-1: Ball 3-1: Called Strike 3-2: Strikes out looking
|
Top of the 9th over - 2 runs, 3 hits, 0 errors, 2 left on base; Milwaukee (NYP) 4 - State College 10 |
|